 Dungeon Crawl Stone Soup version 0.31-a0-261-g072fdb8a1f (webtiles) character file.

Game seed: 9590642210649757203

151 qw the Shooter (level 5, 0/45 HPs)
             Began as a Minotaur Hexslinger on July 13, 2023.
             Slain by a +2 spectral club (4 damage)
             ... created by Ijyb
             ... on level 3 of the Dungeon.
             The game lasted 00:00:54 (2323 turns).

qw the Shooter (Minotaur Hexslinger)                Turns: 2323, Time: 00:00:55

Health: 0/45       AC:  7    Str: 13      XL:     5   Next: 11%
Magic:  5/5        EV: 11    Int:  8 (10) God:
Gold:   100        SH:  0    Dex: 12 (14) Spells: 5/6 levels left

rFire   . . .        Y - +1 sling
rCold   . . .        (no shield)
rNeg    . . .        j - +0 leather armour
rPois   .            e - +4 hat of Indemnity {rElec}
rElec   +            (no cloak)
rCorr   .            (no gloves)
SInv    .            (no boots)
Will    .....        (no amulet)
Stlth   +            (no ring)
HPRegen 0.27/turn    (no ring)
MPRegen 0.09/turn

%: no passive effects
@: about to teleport
A: horns 2, retaliatory headbutt
a: no special abilities


You were on level 3 of the Dungeon.
You visited 1 branch of the dungeon, and saw 3 of its levels.

You collected 100 gold pieces.


Innate Abilities, Weirdness & Mutations

You have a pair of horns on your head.
You reflexively headbutt those who attack you in melee.


   Skills:
 - Level 3.3 Fighting
 + Level 5.1 Ranged Weapons
 - Level 2.1 Dodging
 - Level 1.0 Spellcasting
 - Level 2.0 Hexes


You had 5 spell levels left.
You knew the following spells:

 Your Spells              Type           Power      Damage    Failure   Level
a - Slow                  Hex            12%        N/A       22%         1

Your spell library contained the following spells:

 Spells                   Type           Power      Damage    Failure   Level
 Inner Flame              Hex/Fire       2%         N/A       69%         3
 Portal Projectile        Hex/Tloc       4%         N/A       69%         3
 Cause Fear               Hex            1%         N/A       91%         4

Inventory:

Hand Weapons
 Y - a +1 sling (weapon)
Armour
 e - the +4 hat of Indemnity (worn) {rElec}
   (You acquired it on level 2 of the Dungeon)

   rElec:     It insulates you from electricity.
 j - a +0 leather armour (worn)
Scrolls
 a - a scroll of teleportation
 c - a scroll of noise {unknown}
 f - a scroll of enchant weapon {unknown}
 l - a scroll of fog {unknown}
 o - a scroll of identify
Potions
 b - a potion of lignification {unknown}
 d - a potion of resistance {unknown}
 g - a potion of ambrosia {unknown}
 h - a potion of cancellation {unknown}
 i - a potion of curing {unknown}
 k - a potion of heal wounds {unknown}
 m - a potion of invisibility {unknown}
 n - a potion of attraction {unknown}

Dungeon Overview and Level Annotations

Branches:
Dungeon (3/15)

Altars:
Ashenzari
Vehumet

Annotations:
D:3 Ijyb


Message History

You shoot a sling bullet. The sling bullet hits Ijyb.
Ijyb is lightly wounded.
Ijyb screams, "I dance on your bones!" Ijyb hits you with a +2 spectral club.
The +2 spectral club hits you.
A +2 spectral club comes into view.
You shoot a sling bullet. The sling bullet hits Ijyb.
Ijyb is moderately wounded.
Ijyb barely misses you. The +2 spectral club hits you.
You shoot a sling bullet.
The sling bullet hits Ijyb but does no damage.
Ijyb is moderately wounded.
Ijyb closely misses you. The +2 spectral club hits you.
You shoot a sling bullet. The sling bullet barely misses Ijyb.
Ijyb hits you with a +2 spectral club.
The +2 spectral club hits you but does no damage.
You shoot a sling bullet.
The sling bullet hits Ijyb but does no damage.
Ijyb is moderately wounded.
Ijyb barely misses you. The +2 spectral club hits you.
You shoot a sling bullet. The sling bullet hits Ijyb.
Ijyb is heavily wounded.
Ijyb barely misses you.
The +2 spectral club hits you but does no damage.
Ijyb hits you with a +2 spectral club. The +2 spectral club hits you.
You shoot a sling bullet.
The sling bullet hits Ijyb but does no damage.
Ijyb is heavily wounded.
Ijyb hits you but does no damage. The +2 spectral club hits you.
You shoot a sling bullet. The gnoll shouts!
The sling bullet hits Ijyb but does no damage.
Ijyb is heavily wounded.
Ijyb closely misses you. You furiously retaliate!
You headbutt Ijyb. The +2 spectral club hits you.
2323 ||| READING 2 scrolls of teleportation.
As you read the scroll of teleportation, it crumbles to dust.
You feel strangely unstable.
The +2 spectral club hits you. x2; Ijyb hits you but does no damage.
The +2 spectral club hits you.
You die...

###.### #.# #.# #.# #.#
###.### ##'## #.....#
##...## #.###.###
##.....## #.# #....
##.......###.###.##.
.####.........##..[..##.
..g.'.g@......'.........
.#.##..(......####...##.
##.......## ##.###.
##.....## #####. ##...##
#..... ##'## #.####
#)#########.#
#.........#.#
##.####.#######.#.#


You could see a +2 spectral club, Ijyb and a gnoll.

Vanquished Creatures
  Jessica (D:2)
  A statue (D:3)
  3 gnolls (D:3)
  2 adders (D:2)
  A worm (D:2)
  2 dart slugs (D:1)
  4 ball pythons
  5 endoplasms
  5 giant cockroaches
  4 goblins (D:1)
  2 hobgoblins
  2 quokkas
  5 bats
  4 frilled lizards
  6 kobolds
  8 rats
55 creatures vanquished.

Notes
Turn   | Place    | Note
-------+----------+-------------------------------------------
     0 | D:1      | qw the Minotaur Hexslinger began the quest for the Orb.
     0 | D:1      | Reached XP level 1. HP: 16/16 MP: 1/1
     0 | D:1      | 0 ||| qw: Version: 0.3-a-52-g30416fa
     0 | D:1      | 0 ||| qw: Game counter: 7001
     0 | D:1      | 0 ||| qw: Melee chars always use a shield: true
     0 | D:1      | 0 ||| qw: God list: Okawaru
     0 | D:1      | 0 ||| qw: Allow faded altars: false
     0 | D:1      | 0 ||| qw: Do Orc after clearing Dungeon:15 true
     0 | D:1      | 0 ||| qw: Do second Lair branch before Depths: true
     0 | D:1      | 0 ||| qw: Lair rune preference: random
     0 | D:1      | 0 ||| qw: Goals: Normal
     0 | D:1      | 0 ||| PLANNING D:1-11
   142 | D:1      | 142 ||| FLEEEEING.
   157 | D:1      | 157 ||| FLEEEEING.
   223 | D:1      | Reached skill level 3 in Ranged Weapons
   223 | D:1      | Reached XP level 2. HP: 18/23 MP: 2/2
   223 | D:1      | 223 ||| FLEEEEING.
   224 | D:1      | 224 ||| FLEEEEING.
   225 | D:1      | 225 ||| FLEEEEING.
   228 | D:1      | 228 ||| FLEEEEING.
   229 | D:1      | 229 ||| FLEEEEING.
   230 | D:1      | 230 ||| FLEEEEING.
   231 | D:1      | 231 ||| FLEEEEING.
   232 | D:1      | 232 ||| FLEEEEING.
   632 | D:1      | Reached XP level 3. HP: 29/29 MP: 3/3
   832 | D:1      | 832 ||| UPGRADING to +0 leather armour.
   842 | D:1      | 842 ||| DROPPING +0 robe.
   843 | D:1      | 843 ||| READING 2 scrolls labelled YSITAZX UNTUPT.
   847 | D:1      | 847 ||| READING scroll labelled OXEAGI JELIF.
   848 | D:1      | 848 ||| READING scroll labelled XEMNUXT PAOCZU.
   849 | D:1      | 849 ||| DRINKING 2 fuming white potions.
   850 | D:1      | 850 ||| DROPPING scroll of poison.
   851 | D:1      | 851 ||| DROPPING potion of magic.
  1007 | D:2      | Noticed Jessica
  1015 | D:2      | Killed Jessica
  1016 | D:2      | Reached skill level 4 in Ranged Weapons
  1262 | D:2      | Reached XP level 4. HP: 36/36 MP: 4/4
  1298 | D:2      | Found a faded altar of an unknown god.
  1676 | D:2      | 1676 ||| READING scroll labelled RADAWU VUGGUE.
  1677 | D:2      | 1677 ||| READING scroll labelled UZXURRONKI.
  1678 | D:2      | 1678 ||| READING scroll labelled OCWAGYUQIA.
  1678 | D:2      | Identified a scroll of acquirement
  1678 | D:2      | 1678 ||| ACQUIRING +4 hat of Indemnity {rElec}
  1678 | D:2      | Acquired the +4 hat of Indemnity {rElec}
  1680 | D:2      | 1680 ||| UPGRADING to +4 hat of Indemnity {rElec}.
  1685 | D:2      | 1685 ||| READING scroll labelled ILAXTE COMYVA.
  1686 | D:2      | 1686 ||| DRINKING 2 orange potions.
  1687 | D:2      | 1687 ||| DROPPING potion of degeneration.
  1741 | D:3      | Found a broken altar of Ashenzari.
  1807 | D:3      | Reached skill level 5 in Ranged Weapons
  1820 | D:3      | HP: 8/36 [gnoll/+0 flail (6)]
  1821 | D:3      | 1821 ||| READING 2 scrolls of teleportation.
  2177 | D:3      | Found a radiant altar of Vehumet.
  2177 | D:3      | Noticed a frost-covered statue
  2187 | D:3      | Killed a frost-covered statue
  2188 | D:3      | Reached skill level 3 in Fighting
  2188 | D:3      | Reached XP level 5. HP: 45/45 MP: 5/5
  2310 | D:3      | Noticed Ijyb
  2322 | D:3      | HP: 10/45 [+2 spectral club[Ijyb] (5)]
  2323 | D:3      | 2323 ||| READING 2 scrolls of teleportation.
  2323 | D:3      | HP: 4/45 [+2 spectral club[Ijyb] (1)]
  2323 | D:3      | Slain by a +2 spectral club

Levels and vault maps discovered:
D:1:      erik_arrival_orb_chamber, layout_basic, minmay_heptomino_d4
D:2:      layout_basic, basic_ecumenical_altar, uniq_jessica
D:3:      layout_loops_corners, evilmike_ruin_ashenzari, vehumet_statue,
          uniq_ijyb

Skill      XL: |  1  2  3  4 |
---------------+-------------+-----
Ranged Weapons | 3 4 5 |  5.1
Fighting       | 2 3 |  3.3
Dodging        | |  2.1
Spellcasting   | |  1.0
Hexes          | |  2.0

Action                     |  1- 3 |  4- 6 || total
---------------------------+-------+-------++-------
   Fire: Sling             |   100 |    89 ||   189
    Use: Scroll            |     3 |     6 ||     9
         Potion            |     1 |     1 ||     2
 Armour: Robe              |     9 |       ||     9
         Leather armour    |       |    15 ||    15
  Dodge: Dodged            |    17 |    36 ||    53

Table legend:
 A = Non-vault XP
 B = Vault XP
 C = Vault XP percentage of total XP
 D = Non-vault monster count
 E = Vault monster count
 F = Vault count percentage of total count
                 A         B        C        D         E       F
            +---------+---------+-------+---------+---------+-------
      Total |     144 |      73 |  33.6 |      50 |       5 |   9.1
            +---------+---------+-------+---------+---------+-------
        D:1 |      41 |       4 |   8.9 |      23 |       3 |  11.5
        D:2 |      48 |      37 |  43.5 |      15 |       1 |   6.2
        D:3 |      55 |      32 |  36.8 |      12 |       1 |   7.7
            +---------+---------+-------+---------+---------+-------
